Map: [ESL] Data-C

Players

Vindicta - Winner!

  • Race: Terran Terran
  • Spawn Location: 9:00

Namshar

  • Race: Zerg Zerg
  • Spawn Location: 3:00

Event: DreamHack SC2 Masters 2022 Atlanta (Online)

VOD

Have the link to the VOD?

Description

Time

  • Played on: Oct. 4, 2022, 4:18 p.m.
  • Length: 19:35

All games in this series

Show
View Real Time Build Order
Export as new Build Order

Vindicta Terran - Winner!

Build Orders: Reaper Expand 

Get SALT Encoding   

  12  0:00  SCV  
  13  0:12  SCV  
  14  0:17  Supply Depot  
  14  0:24  SCV  
  15  0:38  SCV  
  15  0:40  Barracks  
  16  0:44  Refinery  
  16  0:50  SCV  
  17  1:03  SCV  
  18  1:15  SCV  
  19  1:27  Orbital Command  
  19  1:28  Reaper  
  20  1:41  Command Center  
  20  1:54  Barracks  
  20  1:56  SCV  
  20  2:00  Barracks Reactor  
  21  2:08  SCV  
  21  2:12  Supply Depot  
  22  2:17  Refinery  
  22  2:20  SCV  
  23  2:27  Factory  
  23  2:33  SCV  
  23  2:36  Marine x2  
  26  2:44  Barracks Tech Lab  
  26  2:47  SCV  
  27  2:54  Marine  
  27  2:55  Orbital Command  
  28  2:59  SCV  
  28  3:04  Stimpack  
  28  3:05  Marine  
  30  3:09  Marine  
  30  3:11  SCV  
  32  3:14  Marine  
  33  3:21  SCV  
  33  3:24  Starport  
  33  3:25  Factory Reactor  
  34  3:29  SCV  
  34  3:31  Marine x2  
  37  3:34  SCV  
  37  3:36  Marine  
  37  3:40  Supply Depot  
  39  3:42  SCV  
  39  3:46  SCV  
  41  3:49  Marine  
  41  3:52  Marine  
  41  3:54  SCV  
  44  3:57  Marine  
  44  3:58  SCV  
  46  4:06  SCV, Marine  
  46  4:07  Medivac x2  
  52  4:10  SCV, Marine  
  54  4:18  Supply Depot  
  54  4:22  Supply Depot  
  54  4:35  Command Center  
  54  4:39  Marine x3  
  54  4:42  SCV x2  
  54  4:43  Combat Shield  
  59  4:45  Medivac  
  59  4:46  Widow Mine  
  59  4:51  Supply Depot  
  63  4:54  SCV x2  
  63  4:57  Marine  
  66  5:00  Engineering Bay x2  
  66  5:03  Marine  
  66  5:06  SCV  
  68  5:07  Marine  
  68  5:09  SCV  
  70  5:15  Supply Depot  
  70  5:18  SCV  
  70  5:20  Marine, Factory Reactor  
  72  5:21  Barracks  
  72  5:26  SCV, Marine  
  74  5:30  SCV  
  74  5:33  Terran Infantry Weapons Level 1, Starport Reactor  
  76  5:36  Refinery  
  76  5:37  Refinery  
  76  5:39  SCV, Terran Infantry Armor Level 1  
  76  5:41  Marine  
  78  5:43  SCV  
  78  5:47  Supply Depot  
  78  5:48  Marine  
  78  5:49  Marine  
  81  5:51  SCV  
  81  5:55  Orbital Command  
  81  5:58  Marine  
  81  6:00  SCV  
  81  6:06  Marine x2  
  81  6:09  Marine  
  81  6:16  Marine  
  81  6:17  Orbital Command  
  77  6:19  SCV  
  77  6:20  Medivac x2  
  77  6:21  Marine  
  77  6:24  Marine x2  
  75  6:27  SCV, Widow Mine x2, Marine  
  75  6:29  Barracks x2  
  75  6:31  SCV  
  82  6:34  Marine  
  82  6:39  SCV, Marine  
  85  6:43  SCV x2  
  85  6:44  Supply Depot x2  
  85  6:45  Marine  
  88  6:48  Armory  
  88  6:51  SCV, Marine  
  88  6:53  Medivac  
  92  6:55  SCV, Medivac  
  92  6:59  Marine  
  98  7:01  SCV  
  98  7:03  SCV  
  98  7:05  Widow Mine x2  
  98  7:06  Supply Depot, Marine  
  98  7:07  SCV  
  104  7:08  Marine x2  
  104  7:14  SCV, Marine  
  108  7:17  Factory, Marine  
  108  7:18  Barracks Reactor x2  
  108  7:20  SCV x2  
  111  7:24  Supply Depot  
  111  7:26  SCV  
  111  7:27  Widow Mine  
  111  7:29  Marine  
  115  7:30  Marine  
  115  7:31  Marine  
  115  7:32  Marine  
  115  7:34  Marine  
  119  7:44  SCV  
  119  7:47  Terran Infantry Armor Level 2, Terran Infantry Weapons Level 2, Marine  
  119  7:48  Marine  
  119  7:49  Marine  
  119  7:50  Marine  
  121  7:52  Marine  
  121  7:53  SCV  
  121  7:54  Marine x2  
  121  7:55  Refinery, Marine  
  121  7:56  Marine  
  127  8:03  Factory Tech Lab  
  127  8:05  Marine x2  
  128  8:07  SCV x2  
  128  8:08  Command Center  
  128  8:10  Marine  
  128  8:12  Terran Vehicle And Ship Armor Level 1, Marine x2  
  136  8:18  Missile Turret  
  136  8:19  Missile Turret  
  134  8:20  Missile Turret  
  134  8:23  Widow Mine  
  134  8:24  Sensor Tower  
  134  8:25  SCV x2  
  139  8:32  Marine  
  139  8:36  Thor, Supply Depot  
  139  8:37  SCV  
  139  8:38  SCV  
  147  8:42  Marine  
  147  8:43  Marine  
  149  8:50  Supply Depot  
  149  8:54  Supply Depot  
  149  8:57  Liberator, Marine x2  
  149  8:58  Widow Mine, Marine  
  157  9:07  Marine x2  
  157  9:11  Marine  
  157  9:12  Widow Mine, Marine x3  
  157  9:15  Supply Depot, Missile Turret, Marine x3  
  164  9:25  Marine x2  
  164  9:26  SCV x2  
  164  9:27  Missile Turret  
  164  9:28  Missile Turret  
  164  9:29  Widow Mine, Marine  
  171  9:32  Thor  
  171  9:33  Widow Mine  
  171  9:34  Marine  
  171  9:35  Marine  
  179  9:39  SCV x2, Marine  
  177  9:47  Medivac x2  
  177  9:50  Widow Mine  
  177  9:52  Planetary Fortress  
  183  9:55  Widow Mine  
  183  9:56  Marine  
  187  10:00  Marine  
  187  10:04  SCV  
  185  10:10  Barracks x3  
  185  10:12  Widow Mine, Marine x2  
  187  10:15  Widow Mine  
  187  10:16  Widow Mine  
  187  10:17  Missile Turret x2  
  187  10:18  Marine  
  188  10:22  SCV  
  188  10:23  SCV  
  190  10:33  Widow Mine  
  190  10:34  SCV, Marine  
  190  10:35  Marauder, Marine  
  193  10:37  Widow Mine  
  193  10:40  Terran Infantry Weapons Level 3  
  193  10:41  Terran Infantry Armor Level 3  
  196  10:51  Missile Turret  
  196  10:59  Barracks Tech Lab x3  
  196  11:02  Refinery  
  196  11:05  Command Center, Barracks Tech Lab, Drilling Claws  
  196  11:09  Widow Mine, Marauder  
  200  11:18  Command Center  
  200  11:22  Thor  
  200  11:24  Concussive Shells  
  200  11:25  Thor, Widow Mine x2  
  199  11:44  Marauder  
  199  11:45  Marauder x2  
  199  11:46  Marauder, Marine  
  197  11:52  Sensor Tower x2, Widow Mine  
  196  11:57  Liberator  
  199  12:02  Ghost Academy, Refinery  
  199  12:04  Orbital Command  
  199  12:05  Orbital Command x2  
  199  12:06  Marauder  
  199  12:07  Marauder  
  200  12:30  Orbital Command  
  199  12:53  Missile Turret  
  199  12:54  Missile Turret x2  
  199  12:55  Missile Turret  
  199  12:58  Orbital Command  
  199  13:00  Marauder  
  195  13:07  Marauder  
  195  13:10  Marauder  
  195  13:11  Widow Mine, Marine x3  
  195  13:12  Marauder  
  200  13:16  Planetary Fortress  
  200  13:31  Ghost Academy  
  200  13:32  Neosteel Armor, Terran Vehicle And Ship Armor Level 2  
  200  13:33  Fusion Core, Hi-Sec Auto Tracking  
  198  13:36  Marine  
  198  13:37  Marine  
  198  13:41  Barracks  
  200  13:42  Barracks  
  200  13:43  Barracks  
  200  13:46  Barracks, Marauder  
  199  13:53  Marine  
  199  13:55  Marauder, Marine  
  196  13:56  Marine  
  196  13:57  Marauder x2, Marine x2  
  196  13:58  Marine  
  196  13:59  Marine x2  
  192  14:05  Medivac  
  192  14:06  Widow Mine x2  
  192  14:08  Marauder  
  198  14:11  Marine  
  198  14:13  Marine  
  198  14:14  Marine x2  
  198  14:15  Marine  
  198  14:16  Marine x2  
  198  14:17  Marauder, Marine  
  193  14:19  Refinery, Marauder x2  
  189  14:24  Medivac  
  189  14:25  Widow Mine  
  189  14:29  Marauder, Marine x2  
  189  14:30  Barracks Tech Lab  
  189  14:31  Marine  
  180  14:32  Marine x3  
  180  14:33  Rapid Reignition System  
  180  14:34  Marine x3  
  180  14:35  Marine  
  180  14:38  Widow Mine x2, Marauder  
  190  14:39  Refinery, Starport  
  190  14:40  SCV x2, Marauder x2  
  190  14:42  SCV  
  199  14:47  Marine  
  199  14:49  Marine x2  
  199  14:50  Marauder, Marine x3  
  199  14:51  Marine  
  199  14:52  Marine x3  
  199  14:53  Marine  
  199  14:59  Medivac, Marauder  
  127  15:00  Medivac  
  197  15:01  Marauder  
  197  15:02  Marauder  
  197  15:04  Marine  
  197  15:06  Marine  
  195  15:07  Marine  
  195  15:08  Widow Mine, Marine  
  195  15:10  Barracks Tech Lab  
  196  15:17  Marine  
  196  15:18  Marauder x2, Marine x4  
  196  15:20  Widow Mine x2  
  196  15:21  Marauder  
  199  15:22  Marine  
  199  15:24  Personal Cloaking  
  199  15:25  Nuke  
  200  15:30  Refinery, Starport Reactor  
  200  15:33  Ghost  
  200  15:37  Ghost  
  200  15:39  Widow Mine, Marauder  
  199  15:43  Marine  
  199  15:49  Widow Mine  
  200  15:52  Ghost  
  200  15:53  Command Center  
  200  15:56  Ghost  
  194  16:02  Widow Mine, Ghost  
  199  16:09  Liberator, Refinery  
  199  16:10  Terran Ship Weapons Level 1  
  198  16:17  Liberator  
  196  16:21  Ghost  
  196  16:22  Ghost  
  196  16:24  Widow Mine  
  196  16:25  Ghost  
  195  16:34  Marauder x2, Marine x2  
  195  16:37  Medivac  
  200  16:42  Orbital Command  
  200  16:44  Widow Mine  
  200  16:45  Orbital Command  
  195  16:51  Marine x2  
  195  16:52  Marauder  
  192  16:59  Supply Depot  
  183  17:11  Liberator, Marauder x2, Marine  
  183  17:13  Liberator  
  194  17:20  Refinery, Marine x2  
  194  17:21  Refinery, Missile Turret, Widow Mine x2, Nuke  
  198  17:25  Missile Turret, Nuke  
  198  17:27  Orbital Command  
  198  17:30  Command Center  
  198  17:34  Marauder  
  198  17:35  Marauder, Marine x2  
  198  17:36  Liberator, Marine x2  
  200  17:39  Liberator  
  200  17:42  Marauder  
  198  17:44  Marine x2  
  198  17:49  Marauder, Marine x4  
  198  17:50  Marine  
  200  17:54  Liberator, Widow Mine  
  200  17:56  Marauder  
  199  18:13  Orbital Command  
  199  18:14  Marauder x2, Marine x3  
  196  18:20  Liberator  
  197  18:28  Liberator  
  197  18:31  Unknown  
  197  18:33  Liberator  
  199  18:45  Liberator  
  199  18:46  Marauder  
  200  18:54  Missile Turret, Ghost  
  200  18:56  Ghost  
  200  18:58  Widow Mine  
  200  19:02  Ghost x2  
  196  19:05  Ghost  
  198  19:13  Marauder  
  198  19:14  Marine  
  198  19:15  Marine  
  198  19:22  SCV x2  
Show
View Real Time Build Order
Export as new Build Order

Namshar Zerg 

Build Orders: Hatch First 

Get SALT Encoding   

  12  0:00  Drone  
  13  0:12  Overlord  
  13  0:17  Drone  
  14  0:30  Drone x2  
  16  0:48  Hatchery  
  15  0:51  Drone  
  15  0:54  Drone  
  17  0:57  Drone  
  18  1:08  Extractor  
  17  1:13  Spawning Pool  
  17  1:16  Drone  
  17  1:20  Drone  
  18  1:27  Drone  
  19  1:38  Drone  
  20  1:49  Drone  
  21  2:00  Zergling x2, Queen x2  
  21  2:01  Zergling x2  
  27  2:10  Drone, Overlord  
  28  2:23  Hatchery  
  28  2:26  Drone  
  28  2:31  Metabolic Boost  
  28  2:35  Drone x2  
  30  2:40  Drone  
  30  2:42  Drone  
  32  2:44  Overlord  
  32  2:53  Drone x2  
  32  2:58  Queen  
  36  3:05  Drone x2  
  38  3:09  Drone x3  
  41  3:14  Queen  
  41  3:16  Drone  
  44  3:21  Overlord  
  44  3:25  Overlord  
  44  3:34  Queen  
  44  3:35  Queen  
  44  3:38  Drone  
  44  3:39  Drone  
  50  3:41  Overlord  
  50  3:46  Drone x3  
  53  3:52  Drone  
  53  3:53  Drone x2  
  56  3:58  Overlord  
  56  4:00  Queen  
  56  4:02  Overlord  
  58  4:06  Drone x2  
  58  4:07  Drone  
  58  4:09  Drone  
  62  4:11  Drone x2  
  64  4:18  Overlord  
  64  4:19  Drone x2  
  64  4:22  Lair  
  66  4:26  Baneling Nest, Extractor x2  
  66  4:30  Drone x3  
  66  4:33  Drone  
  66  4:34  Drone x2  
  66  4:36  Zergling x2  
  70  4:41  Overlord  
  70  4:42  Zergling x2  
  71  4:51  Spore Crawler x2  
  69  4:53  Spore Crawler  
  69  4:54  Drone x8  
  69  4:58  Extractor  
  75  5:02  Evolution Chamber x2  
  75  5:03  Zergling x6  
  79  5:16  Zergling x16  
  87  5:37  Overlord x6  
  87  5:40  Hatchery  
  87  5:42  Zerg Ground Armor Level 1, Centrifugal Hooks, Zerg Melee Weapons Level 1  
  86  5:55  Spore Crawler, Zergling x20  
  92  6:05  Zergling x2  
  89  6:14  Zergling x10  
  93  6:29  Overlord x2  
  93  6:30  Hatchery  
  93  6:31  Drone x2  
  93  6:32  Drone x3  
  96  6:47  Drone, Extractor x2  
  95  6:48  Spire  
  95  6:52  Zergling x18  
  103  6:58  Drone  
  103  6:59  Drone x2  
  105  7:03  Drone  
  106  7:09  Drone  
  106  7:10  Drone x2, Overlord  
  106  7:11  Drone x2  
  106  7:14  Drone  
  106  7:15  Drone x4  
  116  7:16  Drone x3  
  116  7:22  Overseer, Pneumatized Carapace  
  119  7:26  Baneling x10  
  119  7:27  Baneling  
  119  7:28  Zergling x8  
  119  7:38  Zergling x18  
  128  7:45  Queen  
  122  7:53  Drone  
  122  7:54  Drone x10  
  122  7:55  Queen  
  122  7:56  Queen x2, Extractor  
  122  7:57  Extractor  
  137  8:00  Zerg Ground Armor Level 2  
  137  8:01  Zerg Melee Weapons Level 2  
  137  8:03  Zerg Flyer Weapons Level 1  
  137  8:05  Queen  
  139  8:17  Overlord x3  
  139  8:18  Overlord x4  
  139  8:20  Baneling x6  
  139  8:21  Baneling x3  
  139  8:25  Drone x3  
  139  8:27  Drone  
  143  8:39  Hatchery  
  142  8:49  Mutalisk x5  
  142  8:50  Mutalisk x6  
  142  8:51  Overseer  
  164  8:58  Mutalisk x2  
  163  9:10  Mutalisk x2  
  158  9:21  Zergling x24  
  158  9:22  Zergling x24  
  176  9:24  Overseer  
  176  9:33  Zergling x2  
  176  9:34  Zergling x18  
  176  9:35  Baneling  
  176  9:36  Baneling x14  
  186  9:43  Drone  
  186  9:44  Infestation Pit  
  186  9:45  Zergling x14  
  188  9:50  Baneling x12  
  188  9:51  Baneling  
  183  10:11  Mutalisk x5  
  180  10:23  Mutalisk x3  
  180  10:28  Zergling x32  
  190  10:39  Hive  
  190  10:40  Zerg Flyer Weapons Level 2  
  190  10:52  Baneling x8  
  190  10:54  Baneling x5  
  190  10:55  Zergling x20  
  190  10:56  Hatchery  
  197  11:05  Hatchery  
  196  11:15  Spore Crawler  
  196  11:16  Spine Crawler  
  193  11:32  Drone x3  
  196  11:35  Baneling x12  
  196  11:39  Infestation Pit  
  194  11:40  Drone x2  
  194  11:42  Spawning Pool  
  194  11:56  Baneling x3  
  194  11:57  Baneling x3  
  188  12:02  Zerg Ground Armor Level 3, Drone, Zerg Melee Weapons Level 3  
  188  12:03  Ultralisk Cavern  
  188  12:05  Mutalisk x2  
  178  12:11  Baneling x6  
  178  12:12  Baneling  
  178  12:13  Zergling x14  
  178  12:14  Zergling x28  
  197  12:27  Queen  
  198  12:55  Zergling x14  
  168  13:23  Ultralisk x5  
  191  13:35  Pathogen Glands, Burrow  
  191  13:44  Zergling x6, Ultralisk  
  185  13:57  Zergling x8, Ultralisk  
  185  13:58  Zergling x24  
  185  14:01  Zergling x2  
  185  14:02  Zergling x12  
  199  14:03  Baneling x6  
  194  14:12  Zergling x20, Ultralisk  
  194  14:13  Zergling x4  
  194  14:16  Zergling x28  
  199  14:21  Zergling x20  
  194  14:25  Zergling x2  
  173  14:37  Overseer x3  
  173  14:38  Overseer  
  171  14:39  Baneling x10  
  171  14:40  Drone x4  
  171  14:42  Zergling x12, Ultralisk x2  
  192  14:52  Zergling x16  
  183  14:53  Zergling x6  
  186  15:01  Baneling x6  
  184  15:09  Zergling x2  
  184  15:10  Zergling x18  
  188  15:21  Zergling x24, Ultralisk x2  
  194  15:27  Baneling x6  
  194  15:34  Zergling x18  
  193  15:42  Baneling x9  
  183  15:43  Baneling x5  
  183  15:47  Overseer x2  
  183  15:50  Zergling x22  
  193  15:59  Hatchery  
  192  16:09  Overlord x4  
  183  16:19  Drone  
  183  16:20  Drone x7  
  183  16:25  Overseer  
  186  16:26  Overseer x2  
  186  16:30  Baneling  
  186  16:31  Baneling x9  
  186  16:32  Zergling x20  
  188  16:45  Hatchery  
  177  16:50  Zergling x18, Ultralisk  
  178  17:08  Spore Crawler  
  168  17:19  Infestor x4  
  168  17:20  Chitinous Plating  
  176  17:24  Drone x2  
  176  17:27  Drone  
  176  17:28  Spore Crawler, Drone  
  176  17:29  Spine Crawler  
  142  17:56  Infestor  
  138  18:03  Zergling x4  
  138  18:04  Zergling x22  
  151  18:07  Corruptor  
  151  18:08  Corruptor x7  
  162  18:23  Zergling x20  
  162  18:24  Zergling x6  
  170  18:30  Infestor  
  168  18:39  Anabolic Synthesis  
  167  18:44  Zergling x2  
  167  18:45  Zergling x14, Ultralisk  
  175  19:01  Corruptor x4  
  172  19:03  Zergling x4  
Tags
 
Add a new tag
Caveats
  • Supply blocks, unpowered buildings, or Contaminate may cause inaccurate times.
  • Supply counts are checked every 10 seconds.